 Dungeon Crawl Stone Soup version 0.23.2-33-g5129a83184 (webtiles) character file.

Game seed: 14071188299019316064

103 Descartes the Insei (level 4, 0/22 HPs)
             Began as a Vine Stalker Transmuter on July 21, 2019.
             Succumbed to a gnoll's poison
             ... on level 2 of the Dungeon.
             The game lasted 00:07:57 (1858 turns).

Descartes the Insei (Vine Stalker Transmuter)       Turns: 1858, Time: 00:07:57

Health: 0/22       AC:  2    Str: 17    XL:     4   Next: 79%
Magic:  6/8        EV: 13    Int: 13    God:
Gold:   124        SH:  0    Dex: 16    Spells: 7/8 levels left

rFire    . . .     SeeInvis .     - Unarmed
rCold    . . .     Gourm    .   (no shield)
rNeg     . . .     Faith    .   f - +0 robe
rPois    .         Spirit   +   (no helmet)
rElec    .         Reflect  .   (no cloak)
rCorr    .         Harm     .   (no gloves)
MR       .....                  (no boots)
Stlth    ++........             (no amulet)
HPRegen  0.47/turn              (no ring)
MPRegen  0.11/turn              (no ring)

@: mighty, lethally poisoned (0 -> -22)
A: fangs 2, regeneration 1, magic shield, antimagic bite, no potion heal 3, rot
immunity
a: no special abilities


You were on level 2 of the Dungeon.
You were not hungry.

You visited 1 branch of the dungeon, and saw 3 of its levels.

You collected 124 gold pieces.

Inventory:

Hand Weapons
 b - a +0 hunting sling
 h - a +0 short sword
Missiles
 a - 22 arrows
 c - 54 sling bullets
 e - 67 stones (quivered)
 j - 2 tomahawks
Armour
 f - a +0 robe (worn)
 p - a +0 plate armour
 s - a +0 chain mail
Scrolls
 g - 2 scrolls of immolation {unknown}
 i - a scroll of fog {unknown}
 m - 4 scrolls of identify {unknown}
 n - a scroll of magic mapping {unknown}
 r - 2 scrolls of remove curse {unknown}
 w - a scroll of enchant weapon {unknown}
Potions
 k - a potion of heal wounds {unknown}
 l - 2 potions of degeneration {unknown}
 o - a potion of brilliance {unknown}
 q - a potion of might
 u - a potion of curing {unknown}
 v - 2 potions of agility {unknown}
Comestibles
 d - 3 rations
 t - 2 chunks of flesh


   Skills:
 + Level 1.3 Fighting
 + Level 2.0 Dodging
 * Level 2.9 Stealth
 * Level 3.7 Unarmed Combat
 + Level 2.5 Spellcasting
 + Level 2.4 Transmutations


You had 7 spell levels left.
You knew the following spells:

 Your Spells              Type           Power        Failure   Level  Hunger
a - Beastly Appendage     Tmut           #.....       9%          1    #......

Your spell library contained the following spells:

 Spells                   Type           Power        Failure   Level  Hunger
 Sticks to Snakes         Tmut           #.......     13%         2    ###....
 Spider Form              Tmut/Pois      #.........   41%         3    ###....
 Ice Form                 Ice/Tmut       #.......     82%         4    #####..
 Blade Hands              Tmut           #.........   94%         5    ######.


Dungeon Overview and Level Annotations

Branches:
Dungeon (3/15)

Altars:
Yredelemnul


Innate Abilities, Weirdness & Mutations

You have extremely sharp teeth.
Your natural rate of healing is unusually fast.
When hurt, damage is shared between your health and your magic reserves.
Your bite disrupts and absorbs the magic of your enemies.
Potions cannot restore your health.
You are immune to rotting.


Message History

You are now empty-handed.
You feel sick.
The gnoll hits you with a +0 spear of venom.
You are more poisoned.
You hit the gnoll.
The gnoll is heavily wounded.
* * * LOW HITPOINT WARNING * * *
You feel sick. The gnoll hits you but does no damage.
You hit the gnoll but do no damage. You bite the gnoll. You drain its power.
You feel invigorated.
The gnoll is severely wounded.
* * * LOW HITPOINT WARNING * * *
You feel sick. The gnoll hits you but does no damage.
You are more poisoned.
You hit the gnoll.
You kill the gnoll!
* * * LOW HITPOINT WARNING * * *
You feel sick.
It was a potion of might.
You feel very mighty all of a sudden.
You die...

#.###.#########
#...#.#.......#
###.#.#.#####.#
#.#.#.#...#.#
#.#.#.#.#.#.#
#.#.#.#.#.#.#
#######.#.#.....#.#####
........#.###.#.......#
................@.###.#
####.##...#.#...).# #.#
#.##.......#######.#
####'##......)<.......#
.............#######..#
..............# #..#
........#####.# #..#
............#.# #..#
####..#####.#.######..#


There were no monsters in sight!

Vanquished Creatures
  Terence (D:2)
  An adder (D:2)
  A gnoll (D:2)
  A worm (D:2)
  A leopard gecko (D:1)
  5 giant cockroaches
  9 goblins
  8 hobgoblins
  4 jackals (D:2)
  A ball python (D:1)
  7 bats
  4 frilled lizards
  5 kobolds
  4 rats (D:1)
52 creatures vanquished.

Notes
Turn   | Place    | Note
-------+----------+-------------------------------------------
     0 | D:1      | Descartes the Vine Stalker Transmuter began the quest for
                  | the Orb.
     0 | D:1      | Reached XP level 1. HP: 9/9 MP: 4/4
   215 | D:1      | Reached skill level 1 in Fighting
   340 | D:1      | Reached skill level 1 in Stealth
   340 | D:1      | Reached XP level 2. HP: 14/14 MP: 6/6
   803 | D:1      | Reached XP level 3. HP: 18/18 MP: 7/7
  1146 | D:2      | Noticed Terence
  1184 | D:2      | Killed Terence
  1184 | D:2      | Gained mutation: Your natural rate of healing is unusually
                  | fast. [Vine Stalker growth]
  1184 | D:2      | Reached XP level 4. HP: 1/22 MP: 0/8
  1390 | D:2      | Found a basalt altar of Yredelemnul.
  1858 | D:2      | Succumbed to a gnoll's poison

Skill      XL: |  1  2  3  4 |
---------------+-------------+-----
Fighting       | 1 |  1.3
Stealth        | 1 2 |  2.9
Dodging        | 2 |  2.0
Unarmed Combat | |  3.7
Spellcasting   | |  2.5
Transmutations | |  2.4

Action                   |  1- 3 |  4- 6 || total
-------------------------+-------+-------++-------
Melee: Unarmed           |    76 |    29 ||   105
       Bite              |    21 |     7 ||    28
       Punch             |     1 |     1 ||     2
       Headbutt          |     6 |     1 ||     7
       Kick              |       |     3 ||     3
 Fire: Hunting sling     |    34 |    28 ||    62
 Cast: Beastly Appendage |     1 |     3 ||     4
  Use: Potion            |       |     1 ||     1
 Stab: Sleeping          |     3 |       ||     3
  Eat: Chunk             |     1 |     2 ||     3
Armor: Robe              |    14 |     4 ||    18
Dodge: Dodged            |    53 |    14 ||    67
